 Dungeon Crawl Stone Soup version 0.32-a0-875-g23b751d0ae (webtiles) character file.

Game seed: 11891865853998080370

111 Descartes the Digger (level 4, 0/33 HPs)
             Began as a Mountain Dwarf Earth Elementalist on Mar 30, 2024.
             Slain by Grinder (9 damage)
             ... on level 3 of the Dungeon.
             The game lasted 00:04:25 (2717 turns).

Descartes the Digger (MDEE)                         Turns: 2717, Time: 00:04:26

Health: 0/33       AC:  8    Str: 13    XL:     4   Next: 62%
Magic:  1/7        EV:  5    Int: 15    God:
Gold:   108        SH:  0    Dex: 10    Spells: 6/7 levels left

rFire   . . .        c - +0 club
rCold   . . .        (no shield)
rNeg    . . .        i - +0 chain mail
rPois   .            (no helmet)
rElec   .            (no cloak)
rCorr   .            (no gloves)
SInv    .            (no boots)
Will    .....        (no amulet) Stlth
                     (no ring)
HPRegen 0.25/turn    (no ring)
MPRegen 0.10/turn

%: no passive effects
@: no status effects
A: runic magic, artefact enchanting
a: no special abilities


You were on level 3 of the Dungeon.
You visited 1 branch of the dungeon, and saw 3 of its levels.

You collected 108 gold pieces.

Inventory:

Hand Weapons
 c - a +0 club (weapon)
Armour
 a - a +0 robe
 i - a +0 chain mail (worn)
Wands
 g - a wand of digging (3)
Scrolls
 d - 3 scrolls of teleportation {unknown}
 e - a scroll of fog {unknown}
 f - 2 scrolls of identify {unknown}
 p - a scroll of enchant weapon {unknown}
Potions
 b - a potion of magic
 h - 2 potions of brilliance {unknown}
 j - a potion of lignification {unknown}
 k - a potion of degeneration {unknown}
 l - a potion of invisibility {unknown}
 m - a potion of curing {unknown}
 n - a potion of might {unknown}
 o - a potion of resistance {unknown}


   Skills:
 + Level 1.8 Armour
 - Level 1.3 Dodging
 - Level 1.4 Stealth
 + Level 2.0 Shields
 + Level 2.3 Spellcasting
 + Level 1.9 Conjurations
 + Level 3.9 Earth Magic


You had 6 spell levels left.
You knew the following spells:

 Your Spells              Type           Power      Damage    Failure   Level
a - Sandblast             Erth           26%        2d8       9%          1

Your spell library contained the following spells:

 Spells                   Type           Power      Damage    Failure   Level
 Passwall                 Erth           13%        N/A       26%         3
 Stone Arrow              Conj/Erth      20%        3d8       38%         3
 Ensorcelled Hibernation  Hex/Ice        2%         N/A       56%         2
 Fugue of the Fallen      Necr           1%         N/A       80%         3
 Brom's Barrelling Bould  Conj/Erth      10%        2d3       80%         4
 Leda's Liquefaction      Alch/Erth      3%         N/A       89%         4
 Petrify                  Alch/Erth      7%         N/A       89%         4
 Lee's Rapid Deconstruct  Erth           6%         3d6*      94%         5
 Anguish                  Hex/Necr       0%         N/A       99%         4
 Permafrost Eruption      Ice/Erth       3%         2x4d2     100%        6


Dungeon Overview and Level Annotations

Branches:
Dungeon (3/15)

Altars:
Hepliaklqana

Shops:
D:2 =

Annotations:
D:3 Grinder


Innate Abilities, Weirdness & Mutations

Your spellcasting is much less encumbered by armour.
You can use scrolls of enchantment on lesser artefacts.


Message History

Aim: Grinder (lightly wounded, 80% to hit)
The blast of sand hits Grinder!
Grinder is moderately wounded.
Grinder hits you but does no damage. Grinder gestures at you.
You resist with significant effort.
Casting: Sandblast (safe; 9% risk of failure)
Confirm with . or Enter, or press ? or * to list all spells.
Aiming: Sandblast (safe; 9% risk of failure)
Press: ? - help, Shift-Dir - straight line, f/p - Grinder
Aim: Grinder (moderately wounded, 80% to hit)
The blast of sand hits Grinder!
Grinder is heavily wounded.
Grinder hits you.
You writhe in agony.
Casting: Sandblast (safe; 9% risk of failure)
Confirm with . or Enter, or press ? or * to list all spells.
Aiming: Sandblast (safe; 9% risk of failure)
Press: ? - help, Shift-Dir - straight line, f/p - Grinder
Aim: Grinder (heavily wounded, 80% to hit)
The blast of sand misses Grinder.
Grinder hits you. Grinder gestures at you. Pain shoots through your body!
Casting: Sandblast (safe; 9% risk of failure)
Confirm with . or Enter, or press ? or * to list all spells.
Aiming: Sandblast (safe; 9% risk of failure)
Press: ? - help, Shift-Dir - straight line, f/p - Grinder
Aim: Grinder (heavily wounded, 80% to hit)
The blast of sand hits Grinder.
Grinder is severely wounded.
Grinder gestures at you. Pain shoots through your body!
* * * LOW HITPOINT WARNING * * *
Casting: Sandblast (safe; 9% risk of failure)
Confirm with . or Enter, or press ? or * to list all spells.
Aiming: Sandblast (safe; 9% risk of failure)
Press: ? - help, Shift-Dir - straight line, f/p - Grinder
Aim: Grinder (severely wounded, 80% to hit)
The blast of sand misses Grinder.
Grinder hits you!
You die...
Grinder says, "Hey, I wasn't done torturing you yet!"

###############
#.@...........#
#5##########.##
#. #.# .. #<#
### #.# #.# #.#
#.# #.#


You could see Grinder.

Vanquished Creatures
  Jessica (D:2)
  2 adders (D:2)
  2 dart slugs
  3 ribbon worms (D:2)
  6 endoplasms
  4 giant cockroaches
  4 goblins (D:1)
  7 hobgoblins
  4 kobolds
  A quokka (D:1)
  5 ball pythons
  3 bats (D:1)
  5 frilled lizards (D:1)
  8 rats
55 creatures vanquished.

Notes
Turn   | Place    | Note
-------+----------+-------------------------------------------
     0 | D:1      | Descartes the Mountain Dwarf Earth Elementalist began the
                  | quest for the Orb.
     0 | D:1      | Reached XP level 1. HP: 14/14 MP: 3/3
    41 | D:1      | Reached skill level 1 in Conjurations
   205 | D:1      | Reached XP level 2. HP: 20/20 MP: 2/4
   473 | D:1      | Reached skill level 1 in Shields
   476 | D:1      | Reached skill level 1 in Armour
   649 | D:1      | Reached XP level 3. HP: 26/26 MP: 0/6
   859 | D:1      | Found a faded altar of an unknown god.
  1005 | D:2      | Found a hazy altar of Hepliaklqana.
  1726 | D:2      | Noticed Jessica
  1732 | D:2      | Killed Jessica
  1733 | D:2      | Reached XP level 4. HP: 33/33 MP: 2/7
  2103 | D:2      | Found Kashrurei's Jewellery Shoppe.
  2711 | D:3      | Noticed Grinder
  2717 | D:3      | Slain by Grinder

Illustrated notes

Levels and vault maps discovered:
D:1:      nicolae_arrival_washed_ashore, layout_basic,
          chequers_ecumenical_altar_simple_redux
D:2:      layout_basic, serial_shops, nicolae_shop_gaudy_bauble, basic_altar,
          minmay_misc_feat_nine_boxes, supply_closet_lemuel,
          grunt_ministairs_11, uniq_jessica
D:3:      layout_basic, uniq_grinder

Skill      XL: |  1  2  3  4 |
---------------+-------------+-----
Conjurations   | 1 |  1.9
Spellcasting   | 2 |  2.3
Shields        | 1 2 |  2.0
Armour         | 1 |  1.8
Dodging        | |  1.3
Stealth        | |  1.4
Earth Magic    | |  3.9

Action                     |  1- 3 |  4- 6 || total
---------------------------+-------+-------++-------
  Melee: Club              |    13 |     5 ||    18
         Unarmed           |     1 |       ||     1
   Cast: Sandblast         |    64 |    26 ||    90
 Armour: Robe              |    19 |       ||    19
         Chain mail        |     5 |    17 ||    22
  Dodge: Dodged            |    24 |     5 ||    29

Table legend: (Time is in decaauts)
 A = Elapsed time spent in this place.
 B = Non-inter-level travel time spent in this place.
 C = Inter-level travel time spent in this place.
 D = Time resting spent in this place.
 E = Time spent auto-exploring this place.
 F = Levels seen in this place.
 G = Mean time per level.
                   A        B        C        D        E       F      G
               +--------+--------+--------+--------+--------+-----+--------+
         Total |   2766 |   2614 |    152 |      0 |   2300 |   3 |  922.0 |
       Dungeon |   2766 |   2614 |    152 |      0 |   2300 |   3 |  922.0 |
               +--------+--------+--------+--------+--------+-----+--------+

Top non-repeatable levels by time:
     D:2: 1671 daAuts
     D:1: 1073 daAuts
     D:3: 21 daAuts
